AoeStats
← Lumeh

Arena

509603228Analyzed
4v4 RM · 6d ago on Sep 27, 2026· 54m 53s· 8 players
Game mode
Random Map
Map size
Large (8 player)
Population
200
Speed
Normal
Resources
Standard
Victory
Conquest
Starting age
Dark Age
Ending age
Imperial Age
RankedLock teamsTeams togetherTeam positionsShared explorationLock speedFull tech treeHidden civsTurbo modeCheats
Victory
Defeat
🇨🇳 Italians · China
1127
+18
🇨🇭 Khmer · Switzerland
1093
+19
🇷🇪 Persians · Réunion
1092
+19
🇷🇺 Britons · Russia
1091
+19
🇦🇺 Danes · Australia
1219
-22
🇦🇺 Teutons · Australia
1176
-19
🇦🇺 Japanese · Australia
1123
-17
🇦🇺 Byzantines · Australia
1113
-17
285066173
10:36 Feudal Age
14:25 Castle Age
13:27 Double-Bit Axe
13:28 Horse Collar
26:26 Imperial Age
24:00 Gold Mining
24:18 Stone Mining
24:41 Fletching
24:56 Padded Archer Armor
27:39 Wheelbarrow
26:52 Loom
27:15 Bodkin Arrow
27:35 Leather Archer Armor
27:56 Crossbowman
30:17 Chemistry
30:03 Bow Saw
30:38 Conscription
30:56 Ballistics
31:11 Bracer
35:38 Arbalester
38:45 Hand Cart
38:43 Thumb Ring
39:16 Town Watch
40:40 Two-Man Saw
45:17 Pirotechnia
45:25 Squires
the Puchu
11:00 Feudal Age
15:22 Castle Age
13:32 Stone Mining
13:43 Double-Bit Axe
15:36 Loom
16:27 Wheelbarrow
22:31 Horse Collar
24:31 Gold Mining
30:58 Scale Barding Armor
31:11 Bloodlines
31:02 Husbandry
31:45 Hand Cart
31:17 Town Watch
33:17 Chain Barding Armor
33:08 Forging
36:24 Iron Casting
38:59 Imperial Age
36:51 Heavy Plow
37:03 Bow Saw
39:35 Gold Shaft Mining
39:12 Elite Battle Elephant
43:19 Conscription
50:30 Elite Ballista Elephant
51:15 Tusk Swords
51:18 Double Crossbow
50:47 Elite Ballista Elephant
raphael-974-
10:36 Feudal Age
12:14 Wheelbarrow
13:05 Loom
15:51 Castle Age
14:10 Horse Collar
15:52 Double-Bit Axe
31:02 Scale Barding Armor
31:08 Forging
35:18 Imperial Age
34:22 Gold Mining
34:26 Stone Mining
34:51 Bloodlines
34:41 Husbandry
34:46 Town Watch
35:27 Hand Cart
36:09 Bow Saw
36:02 Heavy Plow
39:47 Fletching
39:58 Padded Archer Armor
41:50 Chemistry
41:20 Ballistics
40:21 Crossbowman
41:07 Thumb Ring
41:28 Conscription
41:21 Kamandaran
41:52 Bodkin Arrow
42:57 Caravan
44:31 Leather Archer Armor
44:30 Masonry
46:24 Two-Man Saw
45:57 Crop Rotation
47:23 Ring Archer Armor
49:46 Architecture
51:38 Coinage
53:48 Banking
Ksarbi
10:35 Feudal Age
11:29 Double-Bit Axe
11:30 Horse Collar
18:20 Castle Age
16:07 Loom
19:11 Bow Saw
19:24 Stone Mining
19:24 Gold Mining
20:36 Heavy Plow
21:33 Fletching
23:10 Wheelbarrow
23:07 Bodkin Arrow
23:52 Padded Archer Armor
25:31 Masonry
25:35 Fortified Wall
27:13 Leather Archer Armor
27:30 Ballistics
26:51 Treadmill Crane
28:03 Hand Cart
28:49 Yeomen
32:38 Imperial Age
31:09 Squires
31:49 Gold Shaft Mining
32:01 Scale Mail Armor
31:51 Town Watch
31:30 Pikeman
32:39 Gambesons
34:29 Chemistry
33:30 Bracer
33:54 Conscription
35:21 Two-Man Saw
34:09 Halberdier
36:34 Chain Mail Armor
36:29 Forging
37:07 Ring Archer Armor
37:16 Siege Engineers
36:55 Elite Longbowman
39:36 Plate Mail Armor
39:41 Iron Casting
40:45 Town Patrol
41:08 Arson
43:54 Blast Furnace
42:51 Murder Holes
43:06 Masonry
42:43 Arrowslits
42:38 Man-at-Arms
44:02 Long Swordsman
44:21 Sappers
44:52 Two-Handed Swordsman
46:13 Champion
48:34 Warwolf
53:47 Architecture
52:40 Elite Skirmisher
Killed by Tony
11:45 Feudal Age
15:20 Castle Age
13:54 Double-Bit Axe
22:44 Fletching
25:32 Bodkin Arrow
27:30 Ironclad
28:29 Ironclad
29:00 Wheelbarrow
31:44 Imperial Age
31:54 Elite Teutonic Knight
32:56 Conscription
33:13 Ballistics
33:54 Chemistry
34:53 Arrowslits
36:08 Crenellations
36:08 Conscription
37:21 Elite Skirmisher
38:48 Hand Cart
38:57 Bow Saw
38:30 Horse Collar
41:04 Scale Mail Armor
41:14 Forging
43:00 Chain Mail Armor
43:21 Iron Casting
42:11 Heavy Scorpion
43:56 Siege Engineers
44:57 Hoardings
48:35 Padded Archer Armor
49:47 Ironclad
50:59 Fortified Wall
52:23 Town Watch
52:24 Loom
52:03 Pikeman
52:44 Squires
54:34 Two-Man Saw
lamp
10:09 Feudal Age
11:08 Double-Bit Axe
14:01 Castle Age
12:09 Horse Collar
14:54 Bow Saw
14:47 Heavy Plow
19:47 Wheelbarrow
20:00 Gold Mining
21:43 Hand Cart
22:43 Gold Shaft Mining
22:47 Stone Mining
27:25 Imperial Age
25:40 Stone Shaft Mining
25:32 Scale Mail Armor
26:03 Gambesons
26:18 Squires
26:47 Chain Mail Armor
26:42 Forging
28:21 Siege Engineers
27:50 Capped Ram
28:58 Elite Varangian Guard
30:14 Conscription
31:04 Siege Ram
31:14 Northmen's Fury
32:35 Arson
32:36 Hamask
34:26 Plate Mail Armor
34:31 Iron Casting
36:47 Pikeman
39:13 Blast Furnace
38:04 Fletching
40:36 Coinage
50:29 Hoardings
50:28 Halberdier
Nick
12:01 Feudal Age
15:13 Castle Age
13:51 Double-Bit Axe
13:58 Stone Mining
16:17 Loom
18:45 Fletching
30:50 Wheelbarrow
32:21 Horse Collar
37:28 Forging
39:43 Pikeman
42:25 Bow Saw
43:24 Iron Casting
43:41 Squires
Lumeh
12:04 Feudal Age
13:43 Double-Bit Axe
13:56 Horse Collar
16:38 Castle Age
15:53 Gold Mining
20:55 Imperial Age
22:36 Chemistry
22:26 Loom
33:14 Padded Archer Armor
35:26 Wheelbarrow
36:08 Heavy Plow
36:18 Bow Saw
37:01 Leather Archer Armor
48:20 Pikeman
49:02 Squires
50:22 Halberdier
Connection lost

Rejoining the realm…

Still unreachable

The connection could not be restored.

Session expired

The server has moved on; the page needs a fresh start.